 Dungeon Crawl Stone Soup version 0.29-a0-219-g0a02b1cf4f (webtiles) character file.

Game seed: 9163413644208159776

6 spaghetti the Slasher (level 1, 21/21 HPs)
             Began as a Naga Berserker on Feb 25, 2022.
             Was a Follower of Trog.
             Quit the game on level 1 of the Dungeon.
             The game lasted 00:00:21 (293 turns).

spaghetti the Slasher (Naga Berserker)               Turns: 293, Time: 00:00:21

Health: 21/21      AC:  1    Str: 19    XL:     1   Next: 90%
Magic:  1/1        EV:  9    Int:  7    God:    Trog [*.....]
Gold:   0          SH:  0    Dex: 10    Spells: 0/0 levels left

rFire   . . .      SeeInvis +   a - +0 falchion {long}
rCold   . . .      Faith    .   (no shield)
rNeg    . . .      Spirit   .   b - +0 animal skin
rPois   +          Reflect  .   (no helmet)
rElec   .          Harm     .   (no cloak)
rCorr   .          Rampage  .   (no gloves)
Will    .....                   (no barding)
Stlth   +.........              (no amulet)
HPRegen 0.07/turn               (no ring)
MPRegen 0.07/turn               (no ring)

@: very slow
A: AC +0, large, see invisible, deformed body, poison resistance, slowness 2,
spit poison 1, naga tail 1
a: Spit Poison, Renounce Religion, Berserk


You were on level 1 of the Dungeon.
You worshipped Trog.
Trog was aware of your devotion.
You visited 1 branch of the dungeon, and saw 1 of its levels.


Innate Abilities, Weirdness & Mutations

Your serpentine skin is tough. (AC +0)
You have supernaturally acute eyesight. (SInv)
Armour fits poorly on your strangely shaped body.
Your system is resistant to poisons. (rPois)
You cover ground very slowly.
You can spit poison.
You have a snake-like lower body.


   Skills:
 - Level 3.0 Fighting
 + Level 3.4 Long Blades
 - Level 1.5 Armour
 - Level 1.5 Dodging


You couldn't memorise any spells.
You didn't know any spells.
Your spell library contained the following spells:

 Spells                   Type           Power      Damage    Failure   Level
 Slow                     Hex            0%         N/A       43%         1
 Corpse Rot               Necr/Air       0%         N/A       56%         2
 Poisonous Vapours        Pois/Air       0%         N/A       56%         2
 Confusing Touch          Hex            0%         N/A       80%         3
 Vampiric Draining        Necr           0%         2d6       80%         3

Inventory:

Hand Weapons
 a - a +0 falchion (weapon) {long}
Armour
 b - a +0 animal skin (worn)
Jewellery
 c - a ring of fire
   (You found it on level 1 of the Dungeon)

Dungeon Overview and Level Annotations

Branches:
Dungeon (1/15)

Altars:

♣♣♣♣8♣♣♣♣
#...#...# ♣♣♣
#..#.#...#
#..##.#...#
#..###.÷...#
##.###..#...#
####..##..##...#
#........###...#
.........# #####
#.......@#
#..$.....#
########.# #.S
##.. .. ... ...


You could see a ball python.


Message History

🤖 Initializing magus.rc ...
Options error: Delay interrupt name "hungry" not recognised. (~/.crawlrc:4761) Options error: Bad monster_list_colour key: strict_neutral (~/.crawlrc:4776) ✅ Successfully initialized magus.rc [v1.9.6] Welcome, spaghetti the Naga Berserker.
Are you destined to find the astounding Orb of Zot, or to die trying?
Trog says: Kill them all!
Press ? for a list of commands and other information.
Found a staircase leading out of the dungeon.
You enter the shallow water.
Moving in this stuff is going to be slow.
Key pressed, stopping explore.
Key pressed, stopping explore.
You pick up a book of Vapours {forbidden} and begin reading...
You add the spells Poisonous Vapours and Corpse Rot to your library.
You pick up a book of Debilitation {forbidden} and begin reading...
You add the spells Slow, Vampiric Draining and Confusing Touch to your library.
A bat comes into view.
A bat is nearby!
The bat hits you but does no damage.
You see here a ring of fire.
c - a ring of fire The bat hits you. 😕 HP[-1]
You take 1 damage, and now have 20/21 hp.
A dart slug and a hobgoblin come into view.
The hobgoblin shouts!
The bat closely misses you.
An endoplasm comes into view.
The hobgoblin barely misses you. x2
You closely miss the hobgoblin.
The hobgoblin closely misses you. 😎 HP[+1]
Your hp is fully restored (21).
You slash the hobgoblin!
You kill the hobgoblin!
Trog accepts your kill. The bat hits you but does no damage.
You completely miss the bat. The bat hits you. x2
The endoplasm freezes you.
You are frozen. 😮 HP[-6]
You take 6 damage, and now have 15/21 hp.
MASSIVE DAMAGE!! (PAUSE)
You are too injured to fight recklessly!
You are too injured to fight recklessly!
You are too injured to fight recklessly!
You are too injured to fight recklessly!
You are too injured to fight recklessly!
You are too injured to fight recklessly!
You are too injured to fight recklessly!
You are too injured to fight recklessly!
You are too injured to fight recklessly!
You are too injured to fight recklessly!
You are too injured to fight recklessly!
You are too injured to fight recklessly!
You are too injured to fight recklessly!
You are too injured to fight recklessly!
You are too injured to fight recklessly!
You are too injured to fight recklessly!
A red film seems to cover your vision as you go berserk!
You feel yourself moving faster!
You feel mighty! The bat closely misses you. The bat barely misses you.
The endoplasm hits you. 😮 HP[+6]
You now have 31 max hp (+10).
You regained 6 hp, and now have 21/31 hp.
You are too injured to fight recklessly!
You are too injured to fight recklessly!
You are too injured to fight recklessly!
You are too injured to fight recklessly!
You completely miss the bat. You punch the bat.
You kill the bat!
Trog accepts your kill. The endoplasm hits you. 😮 HP[-1]
You take 1 damage, and now have 20/31 hp.
You hit the endoplasm. You punch the endoplasm.
You kill the endoplasm!
Trog accepts your kill.
You hit the dart slug. You slash the dart slug!
You kill the dart slug!
Trog accepts your kill.
You see here a hobgoblin corpse.
You feel a strong urge to attack something. 😮 HP[+1] Unknown command.
Unknown command.
You start resting.
You feel your anger nearly subside.
You are no longer berserk.
You are exhausted.
You feel yourself slow down.
You feel yourself speed up.
You recover from your berserk rage.
You now have 21 max hp (-10).
You start waiting.
Done waiting.
You see here a hobgoblin corpse.
A ball python comes into view.
A ball python is nearby!
Are you sure you want to abandon this character and quit the game? (Confirm with "yes".)

Action                   || total
-------------------------++-------
Melee: Falchion          ||     7
       Punch             ||     2
Invok: Berserk           ||     1
Armor: Animal skin       ||     2
Dodge: Dodged            ||     6

Levels and vault maps discovered:
D:1:      nagdon_arrival_double_spiral, layout_rooms,
          ebering_ecumenical_altar_sacrificial

Notes
Turn   | Place    | Note
-------+----------+-------------------------------------------
     0 | D:1      | spaghetti the Naga Berserker began the quest for the Orb.
     0 | D:1      | Reached XP level 1. HP: 21/21 MP: 1/1
     0 | D:1      | magus.rc [v1.9.6]
    61 | D:1      | You pick up a book of Vapours {forbidden} and begin
                  | reading...
    61 | D:1      | You add the spells Poisonous Vapours and Corpse Rot to your
                  | library.
    63 | D:1      | You pick up a book of Debilitation {forbidden} and begin
                  | reading...
    63 | D:1      | You add the spells Slow, Vampiric Draining and Confusing
                  | Touch to your library.
   293 | D:1      | Quit the game

Vanquished Creatures
  A dart slug (D:1)
  An endoplasm (D:1)
  A hobgoblin (D:1)
  A bat (D:1)
4 creatures vanquished.

Table legend:
 A = Non-vault XP
 B = Vault XP
 C = Vault XP percentage of total XP
 D = Non-vault monster count
 E = Vault monster count
 F = Vault count percentage of total count
                 A         B        C        D         E       F
            +---------+---------+-------+---------+---------+-------
      Total |       9 |       0 |   0.0 |       4 |       0 |   0.0
            +---------+---------+-------+---------+---------+-------
        D:1 |       9 |       0 |   0.0 |       4 |       0 |   0.0
            +---------+---------+-------+---------+---------+-------

Illustrated notes

Table legend:
 A = Kills in this place as a percentage of kills in entire the game.
 B = Kills by you in this place as a percentage of kills by you in the entire game.
 C = Kills by friends in this place as a percentage of kills by friends in the entire game.
 D = Other kills in this place as a percentage of other kills in the entire game.
 E = Experience gained in this place as a percentage of experience gained in the entire game.
 F = Experience gained in this place divided by the number of levels of this place that you have seen.
                   A       B       C       D       E      F
               +-------+-------+-------+-------+-------+----------------------
         Total | 100.0 | 100.0 |   N/A |   N/A | 100.0 |   9.0
       Dungeon | 100.0 | 100.0 |   N/A |   N/A | 100.0 |   9.0
               +-------+-------+-------+-------+-------+----------------------

Table legend: (Time is in decaauts)
 A = Elapsed time spent in this place.
 B = Non-inter-level travel time spent in this place.
 C = Inter-level travel time spent in this place.
 D = Time resting spent in this place.
 E = Time spent auto-exploring this place.
 F = Levels seen in this place.
 G = Mean time per level.
                   A        B        C        D        E       F      G
               +--------+--------+--------+--------+--------+-----+--------+
         Total |    389 |    389 |      0 |    197 |    168 |   1 |  389.0 |
       Dungeon |    389 |    389 |      0 |    197 |    168 |   1 |  389.0 |
               +--------+--------+--------+--------+--------+-----+--------+

Top non-repeatable levels by time:
     D:1: 389 daAuts
